 Dungeon Crawl Stone Soup version 0.29-a0-993-g4a18f31 (webtiles) character file.

Game seed: 345443433364504060

1183 Illumine the Cleaver (level 8, -17/71 HPs)
             Began as a Hill Orc Monk on Aug 2, 2022.
             Demolished by an ogre
             ... wielding a +0 giant spiked club
              (33 damage)
             ... on level 5 of the Dungeon.
             The game lasted 00:07:40 (6621 turns).

Illumine the Cleaver (Hill Orc Monk)                Turns: 6621, Time: 00:07:41

Health: -17/71     AC:  7    Str: 16    XL:     8   Next: 42%
Magic:  8/8        EV: 10    Int: 10    God:
Gold:   233        SH:  0    Dex: 13    Spells: 7/7 levels left

rFire   . . .      SeeInvis .   a - +0 hand axe
rCold   . . .      Faith    .   (no shield)
rNeg    . . .      Spirit   .   d - +0 scale mail
rPois   .          Reflect  .   (no helmet)
rElec   .          Harm     .   (no cloak)
rCorr   .          Rampage  .   (no gloves)
Will    .....                   (no boots)
Stlth   ..........              (no amulet)
HPRegen 0.21/turn               (no ring)
MPRegen 0.11/turn               (no ring)

@: no status effects
A: no striking features
a: no special abilities


You were on level 5 of the Dungeon.
You visited 1 branch of the dungeon, and saw 5 of its levels.
You also visited: Sewer.

You collected 233 gold pieces.

Inventory:

Hand Weapons
 a - a +0 hand axe (weapon)
Missiles
 l - 11 javelins (quivered)
Armour
 d - a +0 scale mail (worn)
Wands
 h - a wand of polymorph (7)
 i - a wand of acid (4)
 p - a wand of iceblast (5)
 q - a wand of flame (33)
Scrolls
 b - a scroll of fear {unknown}
 e - a scroll of immolation {unknown}
 k - a scroll of vulnerability {unknown}
 m - 2 scrolls of teleportation {unknown}
 s - 2 scrolls of fog {unknown}
 w - 2 scrolls of enchant weapon {unknown}
 x - a scroll of enchant armour {unknown}
 y - a scroll of poison {unknown}
Potions
 c - a potion of ambrosia
 f - a potion of might
 g - a potion of mutation {unknown}
 n - a potion of lignification {unknown}
 o - 2 potions of magic
 r - 5 potions of haste
 t - a potion of degeneration {unknown}
 u - a potion of flight {unknown}
 v - 2 potions of invisibility


   Skills:
 + Level 6.4 Fighting
 * Level 9.3 Axes
 + Level 4.6 Armour
 - Level 2.4 Dodging
 - Level 1.5 Stealth
 + Level 3.6 Evocations


You had 7 spell levels left.
You didn't know any spells.
Your spell library was empty.

Dungeon Overview and Level Annotations

Branches:
Dungeon (5/15)              Sewer (visited)
 Temple: D:4-7

Altars:
Cheibriados
Fedhas
Hepliaklqana
Makhleb
Wu Jian
Xom

Annotations:
D:3 Sigmund
D:4 Edmund


Message History

The orc hits you with a +2 mace of protection.
You hit the orc but do no damage.
The orc is severely wounded.
The orc hits you with a +2 mace of protection.
You hit the orc but do no damage.
The orc is severely wounded.
The orc hits you with a +2 mace of protection!
You hit the orc but do no damage.
The orc is severely wounded.
The orc hits you with a +2 mace of protection.
You barely miss the orc. You punch the orc, but do no damage.
The orc is severely wounded.
The orc hits you with a +2 mace of protection.
You hit the orc but do no damage.
The orc is severely wounded.
You hit the orc.
You kill the orc!
You hit the ogre.
The ogre is lightly wounded.
The ogre closely misses you.
You completely miss the ogre.
The ogre is lightly wounded.
You hit the ogre.
The ogre is lightly wounded.
The ogre barely misses you.
You hit the ogre.
The ogre is moderately wounded.
The ogre closely misses you.
You hit the ogre.
The ogre is moderately wounded.
You closely miss the ogre.
The ogre is moderately wounded.
The ogre hits you with a +0 giant spiked club!
* * * LOW HITPOINT WARNING * * *
You hit the ogre but do no damage.
The ogre is moderately wounded.
You hit the ogre.
The ogre is heavily wounded.
The ogre hits you with a +0 giant spiked club!!
You die...

##..#.# #.....# #..#.#
#######.###.# ##.#.#
#....<#.# #.# ########...#
#.#####.# #.# .......#...#
#.# #.###.## .......#...# #.#
#......# ......)#...#
#.#########..#
).....O'.#.###.......#....#
.......###oO@....###.#....###
###...# #######.# #.#.......
+... #.# #......... #.. #.#
#.###..... #.. #.# #.#.......
#. ##.#####.###### ..
#........# ####
#.####.#####...
#.........##...


You could see an ogre and an orc.

Vanquished Creatures
  An ogre (D:5)
  A centaur (D:5)
  A bullfrog (D:3)
  2 scorpions (D:5)
  6 killer bees (D:5)
  4 hounds (D:5)
  2 iguanas
  Natasha (thrice) (D:4)
  2 orc wizards
  13 adders
  5 river rats
  An ufetubus (D:5)
  2 worms (D:3)
  3 dart slugs
  14 orcs
  8 ball pythons
  5 endoplasms
  2 giant cockroaches
  12 goblins
  6 hobgoblins (D:2)
  2 jackals (D:2)
  6 kobolds
  4 quokkas
  3 bats
  10 frilled lizards
  11 rats
129 creatures vanquished.

Vanquished Creatures (others)
  5 fungi (D:3)
5 creatures vanquished.

Grand Total: 134 creatures vanquished

Notes
Turn   | Place    | Note
-------+----------+-------------------------------------------
     0 | D:1      | Illumine the Hill Orc Monk began the quest for the Orb.
     0 | D:1      | Reached XP level 1. HP: 19/19 MP: 1/1
   248 | D:1      | Reached XP level 2. HP: 17/27 MP: 2/2
   598 | D:1      | Reached skill level 1 in Armour
   849 | D:1      | Reached XP level 3. HP: 33/33 MP: 3/3
  1011 | D:2      | Reached skill level 5 in Axes
  1199 | D:2      | Reached XP level 4. HP: 34/40 MP: 4/4
  1241 | D:2      | Found a faded altar of an unknown god.
  1811 | D:2      | Found a shimmering altar of Xom.
  1818 | D:2      | You fall into a shaft and drop 1 floor!
  1872 | D:3      | Noticed a bullfrog
  1890 | D:3      | Killed a bullfrog
  1891 | D:3      | Reached skill level 6 in Axes
  1891 | D:3      | Reached XP level 5. HP: 7/47 MP: 5/5
  1916 | D:3      | Reached skill level 1 in Evocations
  2637 | D:3      | Noticed Sigmund
  2719 | D:4      | Reached XP level 6. HP: 35/55 MP: 6/6
  2869 | D:4      | Found a glowing drain.
  2870 | D:4      | Noticed Natasha
  2910 | D:4      | Killed Natasha
  2911 | D:4      | Reached skill level 5 in Fighting
  2927 | Sewer    | Entered a sewer
  3581 | Sewer    | Reached skill level 7 in Axes
  3964 | D:4      | Noticed Edmund
  4093 | D:3      | Found a snail-covered altar of Cheibriados.
  4213 | D:4      | Noticed Natasha
  4216 | D:4      | Found a hazy altar of Hepliaklqana.
  4219 | D:4      | Killed Natasha
  4340 | D:4      | Noticed Natasha
  4357 | D:4      | Killed Natasha
  4508 | D:4      | Found a blossoming altar of Fedhas.
  4664 | D:5      | Entered Level 5 of the Dungeon
  4692 | D:5      | Reached XP level 7. HP: 48/61 MP: 7/7
  4902 | D:5      | Found an ornate altar of the Wu Jian Council.
  5305 | D:5      | Reached skill level 8 in Axes
  6060 | D:5      | Reached XP level 8. HP: 51/70 MP: 8/8
  6236 | D:5      | Reached skill level 9 in Axes
  6537 | D:5      | Found a burning altar of Makhleb.
  6621 | D:5      | Demolished by an ogre

Illustrated notes

Levels and vault maps discovered:
D:1:      scummos_arrival_forest, layout_basic
D:2:      cheibrodos_greedy_goblins, layout_loops_ring, basic_altar,
          hellmonk_ecumenical_altar_lost_god
D:3:      layout_loops_ring, mainiacjoe_overflow_brackets,
          minmay_misc_feat_cross, uniq_crazy_yiuf_cottage, uniq_sigmund
D:4:      layout_basic, mainiacjoe_overflow_small_starburst, fedhas_altar_3,
          portal_sewer_entry_a, uniq_natasha, uniq_edmund
D:5:      layout_basic, mainiacjoe_overflow_catwalk, lightli_temple_of_fire,
          serial_glass, glass_columns_c, glass_columns_c,
          gammafunk_ghost_necromancy

Skill      XL: |  1  2  3  4  5  6  7  8 |
---------------+-------------------------+-----
Fighting       | 4 5 6 |  6.4
Armour         | 1 2 3 4 |  4.6
Axes           | 5 6 7 8 9 |  9.3
Evocations     | 1 2 3 |  3.6
Dodging        | |  2.4
Stealth        | |  1.5

Action                   |  1- 3 |  4- 6 |  7- 9 || total
-------------------------+-------+-------+-------++-------
Melee: Hand axe          |    89 |   298 |   187 ||   574
       Punch             |     1 |     4 |     3 ||     8
Throw: Javelin           |       |     1 |     3 ||     4
Evoke: Wand              |       |     2 |     5 ||     7
  Use: Scroll            |       |       |     4 ||     4
       Potion            |       |       |     5 ||     5
 Stab: Sleeping          |     1 |       |       ||     1
Armor: Scale mail        |    61 |    94 |    73 ||   228
Dodge: Dodged            |    47 |   156 |    98 ||   301

Table legend: (Time is in decaauts)
 A = Elapsed time spent in this place.
 B = Non-inter-level travel time spent in this place.
 C = Inter-level travel time spent in this place.
 D = Time resting spent in this place.
 E = Time spent auto-exploring this place.
 F = Levels seen in this place.
 G = Mean time per level.
                   A        B        C        D        E       F      G
               +--------+--------+--------+--------+--------+-----+--------+
         Total |   6648 |   6563 |     85 |   1702 |   3626 |   6 | 1108.0 |
       Dungeon |   5695 |   5610 |     85 |   1508 |   3025 |   5 | 1139.0 |
         Sewer |    952 |    952 |      0 |    194 |    600 |   1 |  952.0 |
               +--------+--------+--------+--------+--------+-----+--------+

Top non-repeatable levels by time:
     D:5: 1936 daAuts
     D:2: 1255 daAuts
   Sewer: 952 daAuts
     D:1: 911 daAuts
     D:4: 874 daAuts
     D:3: 718 daAuts
